 Dungeon Crawl Stone Soup version 0.21.1-1-g345015f (webtiles) character file.

189 troglodite the Skirmisher (level 5, -3/42 HPs)
             Began as a Demonspawn Berserker on May 11, 2018.
             Was a Believer of Trog.
             Slain by Crazy Yiuf
             ... wielding a +4 quarterstaff of chaos
              (5 damage)
             ... on level 3 of the Dungeon.
             The game lasted 00:04:56 (2642 turns).

troglodite the Skirmisher (Demonspawn Berserker)    Turns: 2642, Time: 00:04:56

Health: -3/42      AC:  4    Str: 17    XL:     5   Next: 40%
Magic:  5/5        EV: 13    Int:  8    God:    Trog [**....]
Gold:   57         SH:  0    Dex: 19    Spells: 4/4 levels left

rFire    + . .     SeeInvis .   a - +0 falchion
rCold    . . .     Gourm    .   (no shield)
rNeg     . . .     Faith    .   b - +0 animal skin
rPois    .         Spirit   .   l - +0 hat
rElec    .         Reflect  .   (no cloak)
rCorr    .         Harm     .   m - +0 pair of gloves
MR       .....                  o - +0 pair of boots
Stlth    +++.......             (no amulet)
HPRegen  0.14/turn              n - +5 ring of dexterity
MPRegen  0.09/turn              (no ring)

@: lethally poisoned (-3 -> -5), berserk cooldown, slowed, drained, very slow
A: fire resistance 1, nightstalker 1
a: Berserk, Trog's Hand, Burn Spellbooks, Renounce Religion


You were on level 3 of the Dungeon.
You worshipped Trog.
Trog was pleased with you.
You were hungry.

You visited 1 branch of the dungeon, and saw 3 of its levels.

You collected 57 gold pieces.

Inventory:

Hand Weapons
 a - a +0 falchion (weapon)
Armour
 b - a +0 animal skin (worn)
 l - a +0 hat (worn)
 m - a +0 pair of gloves (worn)
 o - a +0 pair of boots (worn)
Jewellery
 n - a +5 ring of dexterity (left hand)
Wands
 r - a wand of polymorph (16)
Scrolls
 i - a scroll of fog {unknown}
 j - 3 scrolls of teleportation
 k - a scroll of immolation {unknown}
 p - 2 scrolls of identify {unknown}
 q - a scroll of enchant armour {unknown}
 s - 2 scrolls of remove curse
Potions
 d - 3 potions of haste {unknown}
 e - a potion of berserk rage {unknown}
 f - a potion of ambrosia {unknown}
 g - a potion of curing {unknown}
 h - a potion of brilliance {unknown}
 t - a potion of magic {unknown}
Comestibles
 c - 4 rations
 u - 2 chunks of flesh


   Skills:
 * Level 3.9(3.6) Fighting
 + Level 3.7(3.4) Long Blades
 * Level 2.5(2.1) Armour
 * Level 2.7(2.4) Dodging
 + Level 1.6(1.3) Stealth


You had 4 spell levels left.
You didn't know any spells.

Dungeon Overview and Level Annotations

Branches:
Dungeon (3/15)

Altars:

Annotations:
D:3 Crazy Yiuf


Innate Abilities, Weirdness & Mutations

Your flesh is heat resistant. (rF+)
You are slightly more attuned to the shadows.


Message History

Crazy Yiuf hits you with a quarterstaff of chaos!
Crazy Yiuf hits you with a quarterstaff of chaos.
You are poisoned.
You are no longer berserk.
You feel yourself slow down.
You feel sick.
You can move again.
You barely miss Crazy Yiuf.
Crazy Yiuf is severely wounded.
You feel sick.
Crazy Yiuf hits you with a quarterstaff of chaos!
* * * LOW HITPOINT WARNING * * *
You feel drained.
Crazy Yiuf hits you with a quarterstaff of chaos!
* * * LOW HITPOINT WARNING * * *
You hit Crazy Yiuf.
Crazy Yiuf is almost dead.
* * * LOW HITPOINT WARNING * * *
You feel sick.
Crazy Yiuf hits you with a quarterstaff of chaos.
You die...

##### ♣♣#### #)))#♣♣
♣♣P.#.##
#.g@')♣♣♣♣PP....####
#)))#♣))♣)PP........
#####♣♣♣)♣)..###<...
♣♣♣♣♣###..... #.....
#..... #..... #.....
..)...


You could see Crazy Yiuf.

Vanquished Creatures
  An ogre (D:2)
  4 adders (D:2)
  2 oozes (D:1)
  A worm (D:2)
  A dart slug (D:1)
  3 leopard geckos
  7 bats
  3 giant cockroaches
  3 goblins
  4 hobgoblins
  6 jackals (D:1)
  2 quokkas (D:2)
  2 frilled lizards
  8 kobolds
  3 rats
50 creatures vanquished.

Notes
Turn   | Place    | Note
-------+----------+-------------------------------------------
     0 | D:1      | troglodite the Demonspawn Berserker began the quest for the Orb.
     0 | D:1      | Reached XP level 1. HP: 18/18 MP: 1/1
    66 | D:1      | Gained mutation: You are slightly more attuned to the shadows. [demonic ancestry]
    66 | D:1      | Reached XP level 2. HP: 13/24 MP: 2/2
   528 | D:1      | Gained mutation: Your flesh is heat resistant. (rF+) [demonic ancestry]
   528 | D:1      | Reached XP level 3. HP: 29/29 MP: 3/3
  1204 | D:2      | Noticed an ogre
  1343 | D:2      | Reached ** piety under Trog
  1599 | D:2      | Reached XP level 4. HP: 37/37 MP: 4/4
  1616 | D:2      | Killed an ogre
  1616 | D:2      | Reached skill level 1 in Stealth
  1616 | D:2      | Reached XP level 5. HP: 33/42 MP: 5/5
  2623 | D:3      | Found a runed door.
  2627 | D:3      | Noticed Crazy Yiuf
  2635 | D:3      | Paralysed by Crazy Yiuf for 5 turns
  2642 | D:3      | HP: 2/42 [poisoned by Crazy Yiuf]
  2642 | D:3      | Slain by Crazy Yiuf

Skill      XL: |  1  2  3  4 |
---------------+-------------+-----
Armour         | 2 |  2.5
Dodging        | 2 |  2.7
Long Blades    | 3 |  3.7
Stealth        | 1 |  1.6
Fighting       | |  3.9

Action                   |  1- 3 |  4- 6 || total
-------------------------+-------+-------++-------
Melee: Falchion          |   100 |    46 ||   146
Invok: Berserk           |     3 |     3 ||     6
  Use: Scroll            |     2 |       ||     2
 Stab: Sleeping          |     5 |     3 ||     8
  Eat: Chunk             |     5 |     5 ||    10
Armor: Animal skin       |    24 |    21 ||    45
Dodge: Dodged            |    93 |    39 ||   132
       Rpst.: Falchion   |    31 |    10 ||    41
